 Dungeon Crawl Stone Soup version 0.32-a0-616-g9348d4545b (webtiles) character file.

Game seed: 8434183158452891427

118 jasper the Trooper (level 4, 0/38 HPs)
             Began as a Demonspawn Shapeshifter on Mar 5, 2024.
             Was a Believer of Makhleb.
             Slain by a gnoll
             ... wielding a +0 spear
              (6 damage)
             ... on level 3 of the Dungeon.
             The game lasted 00:03:15 (1817 turns).

jasper the Trooper (Demonspawn Shapeshifter)        Turns: 1817, Time: 00:03:16

Health: 0/38       AC:  2    Str: 16    XL:     4   Next: 72%
Magic:  4/4        EV: 12    Int: 14    God:    Makhleb [**....]
Gold:   97         SH:  0    Dex: 15    Spells: 3/3 levels left

rFire   + . .        n - +6 dagger "Hese" {heavy, rElec rC+ Int+3 Dex+3}
rCold   + . .        (no shield)
rNeg    . . .        a - +0 animal skin
rPois   .            (helmet currently unavailable)
rElec   +            (cloak currently unavailable)
rCorr   .            (gloves currently unavailable)
SInv    .            (boots currently unavailable)
Will    .....        (no amulet)
Stlth   +            m - ring of protection from fire
HPRegen 0.26/turn    (no ring)
MPRegen 0.09/turn

%: no passive effects
@: beast-form
A: beast (slay +1), antennae 2
a: Begin Untransformation, Renounce Religion, Minor Destruction


You were on level 3 of the Dungeon.
You worshipped Makhleb.
Makhleb was pleased with you.
You were a hulking beast.
You visited 1 branch of the dungeon, and saw 3 of its levels.

You collected 97 gold pieces.

Inventory:

Hand Weapons
 i - a +2 heavy dagger
 n - the +6 dagger "Hese" (weapon) {heavy, rElec rC+ Int+3 Dex+3}
   (You found it on level 3 of the Dungeon)

   Int+3:     It affects your intelligence (+3).
   Dex+3:     It affects your dexterity (+3).
   rC+:       It protects you from cold.
   rElec:     It insulates you from electricity.
Missiles
 j - 4 curare-tipped darts (quivered)
 o - 6 stones
Armour
 a - a +0 animal skin (worn)
 b - a +0 helmet
Jewellery
 m - a ring of protection from fire (left hand)
Talismans
 c - a beast talisman (active)
 d - a flux talisman
 k - a serpent talisman
Scrolls
 e - a scroll of fog
 g - a scroll of fear
 l - 2 scrolls of identify
Potions
 f - a potion of mutation


   Skills:
 + Level 4.6 Fighting
 - Level 1.7 Dodging
 - Level 2.7 Unarmed Combat
 - Level 2.6 Shapeshifting


You had 3 spell levels left.
You didn't know any spells.
Your spell library contained the following spells:

 Spells                   Type           Power      Damage    Failure   Level
 Call Imp                 Summ           0%         N/A       41%         2
 Sublimation of Blood     Necr           0%         N/A       41%         2
 Hailstorm                Conj/Ice       0%         3d5       65%         3
 Summon Ice Beast         Ice/Summ       0%         N/A       65%         3
 Sculpt Simulacrum        Ice/Alch       0%         N/A       100%        6
 Summon Hydra             Summ           0%         N/A       100%        7


Dungeon Overview and Level Annotations

Branches:
Dungeon (3/15)

Altars:
Hepliaklqana
Makhleb


Innate Abilities, Weirdness & Mutations

You are a hulking beast.
Your limbs bulge with bestial killing power. (Slay +1)
You have a pair of antennae on your head.


Message History

You barely miss the gnoll.
The gnoll is heavily wounded.
A rat comes into view.
The gnoll hits you with a +0 halberd. The gnoll barely misses you.
A gnoll comes into view. It is wielding a +0 club.
The gnoll hits you from afar with a +0 spear.
The rat squeaks loudly.
You puncture the gnoll!
You kill the gnoll!
Makhleb accepts your kill. The gnoll closely misses you.
You take 3 damage, and have 19/38 hp.
The gnoll barely misses you.
The gnoll hits you from afar with a +0 spear!
* * * LOW HITPOINT WARNING * * *
Things that are here:
a +0 halberd; a gnoll corpse You take 8 damage, and have 11/38 hp.
MASSIVE DAMAGE!!
You closely miss the gnoll. The gnoll misses you. The gnoll barely misses you.
The gnoll hits you from afar with a +0 spear.
* * * LOW HITPOINT WARNING * * *
The gnoll closely misses you.
The rat twitches its whiskers.
You puncture the gnoll!
The gnoll is almost dead.
The gnoll barely misses you. The gnoll hits you with a +0 spear.
* * * LOW HITPOINT WARNING * * *
You take 4 damage, and have 7/38 hp.
You completely miss the gnoll.
The gnoll is almost dead.
The gnoll misses you. The gnoll closely misses you. The gnoll misses you.
The gnoll closely misses you.
You feel better. The gnoll barely misses you.
The gnoll hits you from afar with a +0 spear!
* * * LOW HITPOINT WARNING * * *
You take 2 damage, and have 5/38 hp.
You barely miss the gnoll.
The gnoll is almost dead.
The gnoll misses you. The gnoll hits you with a +0 spear.
You die...

*,**,**,*,,,,,,,*****
*,*#.#*,********* * *,,...,,*
* ***#.#***######### ** #g#
#.......# *, #r# #.......# *,
#g# #.......# *, #g# #.......#
*, #h# #.......###. #.#
#........... ##### #.#
##.......##*, #...###.##
#.........#*, #'#..##..#
#..##.#.#.##. ##.##..##.#
#..........#.
##...##..#.###............
***##.....##...........###....
**,,+...ß...'...##.##.###
#.###


You could see 3 gnolls and a rat.

Vanquished Creatures
  Robin (D:3)
  2 gnolls
  4 adders
  2 dart slugs
  3 bats
  2 endoplasms
  A giant cockroach (D:3)
  15 goblins
  2 hobgoblins (D:3)
  2 quokkas (D:1)
  8 ball pythons
  2 frilled lizards (D:2)
  2 kobolds (D:2)
  3 rats
49 creatures vanquished.

Notes
Turn   | Place    | Note
-------+----------+-------------------------------------------
     0 | D:1      | jasper the Demonspawn Shapeshifter began the quest for the
                  | Orb.
     0 | D:1      | Reached XP level 1. HP: 15/15 MP: 1/1
   440 | D:1      | Reached skill level 2 in Fighting
   440 | D:1      | Gained mutation: You have a pair of small antennae on your
                  | head. [demonic ancestry]
   440 | D:1      | Reached XP level 2. HP: 21/22 MP: 2/2
   850 | D:2      | Found a faded altar of an unknown god.
   921 | D:2      | Reached skill level 3 in Fighting
   921 | D:2      | Gained mutation: You have a pair of antennae on your head.
                  | [demonic ancestry]
   921 | D:2      | Reached XP level 3. HP: 27/29 MP: 3/3
   937 | D:2      | Prayed at the altar of an unknown god.
   937 | D:2      | Became a worshipper of Makhleb the Destroyer
   937 | D:2      | Reached * piety under Makhleb
  1055 | D:2      | Identified the +1 shortbow of Ru, Growing {flame, +Blink
                  | Int+2 SInv}
  1250 | D:2      | You fall into a shaft and drop 1 floor!
  1298 | D:3      | Noticed Robin
  1299 | D:3      | Reached XP level 4. HP: 32/37 MP: 4/4
  1302 | D:3      | Reached ** piety under Makhleb
  1308 | D:3      | Reached skill level 4 in Fighting
  1327 | D:3      | Killed Robin
  1465 | D:3      | Found a hazy altar of Hepliaklqana.
  1774 | D:3      | Identified the +6 dagger "Hese" {heavy, rElec rC+ Int+3
                  | Dex+3}
  1817 | D:3      | Slain by a gnoll

Illustrated notes

Levels and vault maps discovered:
D:1:      minmay_arrival_checkered_box, layout_basic
D:2:      minmay_alternating_diamond, layout_rooms,
          nicolae_ecumenical_snake_handling
D:3:      layout_loops_cross, overflow_temple_1_default, grunt_ministairs_15,
          uniq_robin

Skill      XL: |  1  2  3  4 |
---------------+-------------+-----
Fighting       | 2 3 4 |  4.6
Dodging        | |  1.7
Unarmed Combat | |  2.7
Shapeshifting  | |  2.6

Action                     |  1- 3 |  4- 6 || total
---------------------------+-------+-------++-------
  Melee: Unarmed           |    80 |       ||    80
         Punch             |     3 |       ||     3
         Dagger            |     8 |    46 ||    54
    Use: Scroll            |     3 |     4 ||     7
         Potion            |       |     2 ||     2
   Stab: Sleeping          |     2 |       ||     2
 Armour: Animal skin       |    57 |    37 ||    94
  Dodge: Dodged            |    77 |    38 ||   115

Table legend: (Time is in decaauts)
 A = Elapsed time spent in this place.
 B = Non-inter-level travel time spent in this place.
 C = Inter-level travel time spent in this place.
 D = Time resting spent in this place.
 E = Time spent auto-exploring this place.
 F = Levels seen in this place.
 G = Mean time per level.
                   A        B        C        D        E       F      G
               +--------+--------+--------+--------+--------+-----+--------+
         Total |   1820 |   1791 |     29 |    261 |   1099 |   3 |  606.7 |
       Dungeon |   1820 |   1791 |     29 |    261 |   1099 |   3 |  606.7 |
               +--------+--------+--------+--------+--------+-----+--------+

Top non-repeatable levels by time:
     D:1: 887 daAuts
     D:3: 574 daAuts
     D:2: 357 daAuts
